 Dungeon Crawl Stone Soup version 0.17-a0-1485-g22cb0ee (webtiles) character file.

1041 emikaela the Twirler (level 8, 0/51 HPs)
             Began as an Octopode Wanderer on July 5, 2015.
             Was a Priest of Nemelex Xobeh.
             Slain by a killer bee (4 damage)
             ... on level 7 of the Dungeon.
             The game lasted 00:19:43 (8022 turns).

emikaela the Twirler (Octopode Wanderer)            Turns: 8022, Time: 00:19:43

Health: 0/51       AC:  1    Str: 10    XL:     8   Next: 25%
Magic:  20/20      EV: 19    Int: 15    God:    Nemelex Xobeh [***...]
Gold:   314        SH:  0    Dex: 21    Spells: 0 memorised, 9 levels left

rFire  . . .     SeeInvis .     a - +2 quarterstaff
rCold  . . .     Clarity  +     (no shield)
rNeg   . . .     SustAt   .     (helmet restricted)
rPois  .         Gourm    .     F - amulet of clarity
rElec  .         Spirit   .     z - ring of invisibility
rCorr  .         Warding  .     G - ring "Nivi" {Wiz Dex+2}
rMut   .         Stasis   .     K - ring of magical power
MR     .....                    (no ring)
Stlth  +++++.....               (no ring)
                                (no ring)
                                (no ring)
                                (no ring)

@: agile, cleaving, not resistant to hostile enchantments, quite stealthy
A: almost no armour, amphibious, 8 rings, constrict 8, camouflage 1, gelatinous
body 1
a: Triple Draw, Renounce Religion, Evoke Invisibility


You were on level 7 of the Dungeon.
You worshipped Nemelex Xobeh.
Nemelex Xobeh was most pleased with you.
You were very hungry.

You visited 2 branches of the dungeon, and saw 8 of its levels.

You collected 314 gold pieces.

Inventory:

Hand weapons
 a - a +2 quarterstaff (weapon)
 b - a +3 shortbow
 p - a +0 hunting sling
Missiles
 h - 224 stones (quivered)
 j - 41 sling bullets
 k - 70 arrows
 x - 24 poisoned needles
 N - 18 bolts
 R - 10 poisoned arrows
Rods
 O - a +1 rod of destruction (9/9)
   (You found it on level 6 of the Dungeon)
Jewellery
 z - a ring of invisibility (left tentacle)
 F - an amulet of clarity (around mantle)
 G - the ring "Nivi" (right tentacle) {Wiz Dex+2}
   (You found it on level 6 of the Dungeon)

   [ring of wizardry]

   It improves your spell success rate.
   It affects your dexterity (+2).
 K - a ring of magical power (on tentacle)
Magical devices
 E - a wand of draining (10)
 S - a wand of flame (14)
Scrolls
 d - a scroll of noise {unknown}
 g - 2 scrolls of remove curse
 l - 4 scrolls of fog {unknown}
 q - 2 scrolls of fear {unknown}
 r - a scroll of recharging
 v - a scroll of magic mapping {unknown}
 A - a scroll of immolation {unknown}
 D - 4 scrolls of teleportation
 H - a scroll of enchant armour {unknown}
 M - a scroll of identify
Potions
 f - a potion of magic
 i - a potion of brilliance {unknown}
 m - a potion of heal wounds {unknown}
 o - 2 potions of haste {unknown}
 w - a potion of cure mutation
 B - a potion of flight {unknown}
 P - a potion of poison {unknown}
 Q - a potion of resistance
Books
 y - a book of Hinderance
 I - a book of Flames
Miscellaneous
 t - a legendary deck of escape {drawn: 3}
 C - a plain deck of destruction
 J - a plain deck of war {drawn: 3}
Comestibles
 e - 3 bread rations
 n - 4 meat rations
 L - 4 fruits


   Skills:
 + Level 2.9 Fighting
 - Level 7.0 Staves
 + Level 2.6 Dodging
 - Level 2.6 Stealth
 - Level 1.0 Spellcasting
   Level 3.0 Hexes
   Level 1.0 Translocations
 + Level 4.9 Evocations


You had 9 spell levels left.
You didn't know any spells.

Dungeon Overview and Level Annotations

Branches:
Dungeon (7/15)             Temple (1/1) D:5

Altars:
Ashenzari
Cheibriados
Elyvilon
Fedhas
Gozag
Kikubaaqudgha
Makhleb
Nemelex Xobeh
Okawaru
Qazlal
Ru
Sif Muna
Trog
Vehumet
Yredelemnul
Zin
The Shining One

Shops:
D:5 [


Innate Abilities, Weirdness & Mutations

You cannot wear most types of armour.
You are amphibious.
You can wear up to eight rings at the same time.
You can use your tentacles to constrict eight enemies at once.
Your skin changes colour to match your surroundings (Stealth).
Your rubbery body absorbs attacks (AC +1).


Message History

Evoking this partially-identified wand wasted a few charges.
The killer bee misses you. The killer bee stings you!
* * * LOW HITPOINT WARNING * * *
Evoke which item? (* to show all) (? for menu, Esc to quit)
Zapping:
S - a wand of flame {zapped: 8} (will waste charges)
Press: ? - help, Shift-Dir - straight line, f/p - killer bee
Aim: a killer bee (moderately wounded)
Okay, then.
Evoke which item? (* to show all) (? for menu, Esc to quit)
You draw a card...
It is Repulsiveness.
The killer bee completely misses you. The killer bee misses you.
Evoke which item? (* to show all) (? for menu, Esc to quit)
You draw a card...
It is the Blade.
Your +2 quarterstaff looks oddly sharp.
The killer bee barely misses you. The killer bee closely misses you.
Evoke which item? (* to show all) (? for menu, Esc to quit)
You draw a card...
It is the Dance.
The killer bee closely misses you. The killer bee stings you.
You die...
Your body glows slightly and disappears.

### ##### ##.##
#.... #...# #....
#.<.#
#)..u####...##
#....@y.†....#
.......####...)##
.....(. #.....#
..#.... #..#..#
...##.. #J##..#
.. #.. #......# .
#.. #......# #..
#......# #...|...


You could see a killer bee, a friendly green ugly thing and a friendly
quarterstaff of venom.

Vanquished Creatures
  Sigmund (D:2)
  An ogre (D:5)
  2 centaurs
  A giant frog (D:6)
  A scorpion (D:5)
  2 crimson imps
  An iguana (D:6)
  3 worker ants
  Natasha (thrice) (D:2)
  A killer bee zombie (D:6)
  A hound skeleton (D:4)
  4 gnolls (D:6)
  4 adders
  2 oozes
  An adder zombie (D:5)
  An adder skeleton (D:7)
  3 worms
  5 giant geckos
  5 orcs
  A ball python (D:6)
  8 bats
  11 hobgoblins
  4 jackals
  4 quokkas
  4 giant cockroaches
  3 giant newts
  12 goblins
  3 goblin skeletons (D:4)
  3 goblin zombies (D:4)
  2 hobgoblin zombies (D:4)
  A jackal zombie (D:5)
  7 kobolds
  3 kobold zombies (D:4)
  An orc zombie (D:4)
  A quokka zombie (D:5)
  15 rats
125 creatures vanquished.

Vanquished Creatures (collateral kills)
  A centaur (D:5)
  2 killer bees (D:7)
  A hound (D:7)
  An ooze (D:7)
  2 jackals (D:5)
7 creatures vanquished.

Vanquished Creatures (others)
  A minotaur (D:1)
  3 draconians (D:1)
  A vine stalker (D:1)
  A formicid (D:1)
  A vampire (D:1)
  A naga (D:1)
  A dwarf (D:1)
  A mummy (D:1)
  An orc (D:1)
  A kobold (D:1)
  6 tentacles (D:1)
  64 tentacle segments (D:1)
82 creatures vanquished.

Grand Total: 214 creatures vanquished

Notes
Turn   | Place    | Note
--------------------------------------------------------------
     0 | D:1      | emikaela the Octopode Wanderer began the quest for the Orb.
     0 | D:1      | emikaela set off with: a +2 quarterstaff, a scroll of teleportation, a potion of curing, a +0 dagger, a bread ration
     0 | D:1      | Reached XP level 1. HP: 13/13 MP: 2/2
     0 | D:1      | Noticed a vine stalker
     0 | D:1      | Noticed a draconian
     0 | D:1      | Noticed a naga
     0 | D:1      | Noticed a minotaur
     0 | D:1      | Noticed a kraken
     0 | D:1      | Noticed a draconian
     0 | D:1      | Noticed a dwarf
     0 | D:1      | Noticed a formicid
     0 | D:1      | Noticed a draconian
     0 | D:1      | Noticed a vampire
     5 | D:1      | Killed a draconian
     6 | D:1      | Killed a formicid
     8 | D:1      | Killed a vine stalker
    11 | D:1      | Killed a minotaur
    11 | D:1      | Killed a vampire
    11 | D:1      | Killed a dwarf
    12 | D:1      | Killed a naga
    13 | D:1      | Killed a draconian
    16 | D:1      | Killed a draconian
    93 | D:1      | Reached XP level 2. HP: 18/18 MP: 3/3
   768 | D:2      | Noticed Natasha
   774 | D:2      | Killed Natasha
   774 | D:2      | Reached XP level 3. HP: 23/23 MP: 4/4
  1003 | D:2      | Found a sparkling altar of Nemelex Xobeh.
  1012 | D:2      | Became a worshipper of Nemelex Xobeh the Trickster
  1161 | D:2      | Noticed Natasha
  1165 | D:2      | Killed Natasha
  1165 | D:2      | Reached XP level 4. HP: 15/28 MP: 5/5
  1310 | D:2      | Received a gift from Nemelex Xobeh
  1354 | D:2      | Noticed Sigmund
  1355 | D:2      | Killed Sigmund
  1355 | D:2      | Reached skill level 5 in Staves
  1355 | D:2      | Reached XP level 5. HP: 28/33 MP: 6/6
  1355 | D:2      | Reached XP level 6. HP: 32/38 MP: 7/7
  1614 | D:2      | Noticed Natasha
  1621 | D:2      | Killed Natasha
  1738 | D:2      | Found an opulent altar of Gozag.
  2084 | D:3      | Found a blossoming altar of Fedhas.
  2728 | D:3      | Received a gift from Nemelex Xobeh
  3324 | D:4      | Reached skill level 6 in Staves
  3610 | D:4      | Found a glowing golden altar of the Shining One.
  3610 | D:4      | Received a gift from Nemelex Xobeh
  4566 | D:5      | Entered Level 5 of the Dungeon
  4567 | D:5      | Found a snail-covered altar of Cheibriados.
  4735 | D:5      | Reached XP level 7. HP: 39/43 MP: 9/9
  4907 | D:5      | Noticed a rust devil
  4952 | D:5      | Found Yjyacs's Armour Shoppe.
  5333 | D:5      | Noticed an angel
  5513 | D:5      | Found a staircase to the Ecumenical Temple.
  5523 | Temple   | Entered the Ecumenical Temple
  5523 | Temple   | Received a gift from Nemelex Xobeh
  5707 | D:5      | Reached skill level 7 in Staves
  5920 | D:5      | Reached skill level 1 in Dodging
  6286 | D:6      | Got a slimy iron ring
  6287 | D:6      | Identified the ring "Nivi" {Wiz Dex+2} (You found it on level 6 of the Dungeon)
  6915 | D:6      | Received a gift from Nemelex Xobeh
  7024 | D:6      | Acquired Nemelex Xobeh's first power
  7126 | D:6      | Reached XP level 8. HP: 51/51 MP: 11/11
  7211 | D:6      | Identified a +1 rod of destruction (9/9) (You found it on level 6 of the Dungeon)
  7241 | D:6      | Noticed a red ugly thing
  8022 | D:7      | Slain by a killer bee

Vault maps used:
D:1:      nicolae_arrival_kraken_aquarium_a
D:2:      overflow_temple_1_default, nemelex_xobeh_ov_fountains_minmay,
          first_bread, serial_corexii_hall, corexii_hall_statues_s,
          corexii_hall_statues_l, corexii_hall_statues_i,
          corexii_hall_statues_deadend, patterned_corridor, uniq_sigmund,
          uniq_natasha
D:3:      overflow_temple_1_default
D:4:      nicolae_tso_besieged_by_evil
D:5:      cheibriados_altar_1, temple_garden, serial_shops, shop, st_stairs_3
D:6:      minmay_misc_feat_diagonals, glass_columns_a, minmay_small_thing
D:7:      grunt_dithmenos_smoke, uniq_menkaure
Temple:   circular_temple_12

Action                   |  1- 3 |  4- 6 |  7- 9 || total
-------------------------+-------+-------+-------++-------
Melee: Quarterstaff      |    49 |   115 |    75 ||   239
 Fire: Shortbow          |       |       |    17 ||    17
Throw: Stone             |       |       |     1 ||     1
Invok: Triple Draw       |       |       |     2 ||     2
Evoke: Deck              |       |     1 |    11 ||    12
       Wand              |       |       |     3 ||     3
  Use: Scroll            |       |     4 |       ||     4
       Potion            |       |       |     3 ||     3
 Stab: Sleeping          |     6 |     7 |     8 ||    21
       Distracted        |       |       |     2 ||     2
  Eat: Chunk             |     1 |     9 |     9 ||    19
       Royal jelly       |       |     1 |       ||     1
